 Dungeon Crawl Stone Soup version 0.20.1-1-g8b1a95d (webtiles) character file.

830 homeworkjunkie the Ruffian (level 7, -1/68 HPs)
             Began as a Troll Monk on Nov 22, 2017.
             Was a Priest of Okawaru.
             Killed by nerve-wracking pain
             ... invoked by an orc priest
              (8 damage)
             ... on level 6 of the Dungeon.
             The game lasted 00:06:59 (2667 turns).

homeworkjunkie the Ruffian (Troll Monk)             Turns: 2667, Time: 00:07:00

Health: -1/68      AC:  6    Str: 22    XL:     7   Next: 65%
Magic:  6/6        EV: 11    Int:  6    God:    Okawaru [***...]
Gold:   206        SH:  0    Dex: 12    Spells: 6/6 levels left

rFire    . . .     SeeInvis .     - Unarmed
rCold    + . .     Gourm    +   (no shield)
rNeg     . . .     Faith    .   a - +1 robe
rPois    .         Spirit   .   (helmet restricted)
rElec    .         Reflect  .   (no cloak)
rCorr    .         Harm     .   (gloves unavailable)
MR       .....                  (boots unavailable)
Stlth    ++........             k - amulet of rage
Regen    0.7/turn               n - ring of flight
MPRegen  0.1/turn               g - ring of protection from cold

@: no status effects
A: unfitting armour, claws 3, fast metabolism 3, gourmand, regeneration 1,
shaggy fur 1, tough skin 2
a: Heroism, Renounce Religion, Evoke Berserk Rage, Evoke Flight


You were on level 6 of the Dungeon.
You worshipped Okawaru.
Okawaru was most pleased with you.
You were full.

You visited 1 branch of the dungeon, and saw 6 of its levels.

You collected 206 gold pieces.

Inventory:

Armour
 a - a +1 robe (worn)
Jewellery
 e - an uncursed ring of fire
 g - a ring of protection from cold (right claw)
 i - an uncursed ring of ice
 k - an amulet of rage (around neck)
 n - a ring of flight (left claw)
Scrolls
 c - a scroll of teleportation
 l - a scroll of identify
Comestibles
 b - 4 bread rations
 f - 10 fruits
 h - 2 royal jellies
 j - a meat ration


   Skills:
 * Level 3.6 Fighting
 * Level 4.2 Dodging
 + Level 1.6 Stealth
 * Level 7.1 Unarmed Combat


You had 6 spell levels left.
You didn't know any spells.

Dungeon Overview and Level Annotations

Branches:
Dungeon (6/15)
 Temple: D:4-7

Altars:
Fedhas
Nemelex Xobeh
Okawaru
Qazlal
The Shining One


Innate Abilities, Weirdness & Mutations

You are too large for most types of armour.
You have claws for hands.
Your metabolism is lightning-fast.
You like to eat raw meat.
Your natural rate of healing is unusually fast.
You are covered in fur. (AC +1)
You have very tough skin. (AC +2)


Message History

The orc is lightly wounded.
The orc hits you but does no damage.
You claw the orc!
You kill the orc!
Okawaru accepts your kill.
You barely miss the orc. The orc hits you with a club.
* * * LOW HITPOINT WARNING * * *
You closely miss the orc. You claw the orc!
You kill the orc!
Okawaru accepts your kill.
You closely miss the orc priest.
The orc priest hits you but does no damage.
You scratch the orc priest.
The orc priest is lightly wounded.
The orc priest hits you but does no damage.
You closely miss the orc priest.
The orc priest is lightly wounded.
The orc priest invokes the aid of Beogh against you.
Pain shoots through your body!
You die...

#....## #..##..#
.....#..#####..##..#
...#####.##........#######
... ##.................
... #.†............... ..
#...##....#.###.## .
#..######.##.# #.## #o# .#
#. #@# .# #. #.# .# #. #.#
.# ###


You could see an orc priest.

Vanquished Creatures
  Sigmund (D:3)
  An orc warrior (D:6)
  2 ogres (D:4)
  A centaur (D:3)
  A crimson imp (D:6)
  A hound (D:6)
  2 orc wizards
  Terence (D:3)
  3 gnolls
  4 adders
  3 worms (D:2)
  3 leopard geckos
  11 orcs
  9 bats
  2 giant cockroaches
  8 goblins
  10 hobgoblins
  4 jackals (D:4)
  5 quokkas
  A ball python (D:1)
  7 frilled lizards
  A jackal skeleton (D:4)
  14 kobolds
  12 rats
  A bush (D:2)
108 creatures vanquished.

Notes
Turn   | Place    | Note
-------+----------+-------------------------------------------
     0 | D:1      | homeworkjunkie the Troll Monk began the quest for the Orb.
     0 | D:1      | Reached XP level 1. HP: 22/22 MP: 0/0
    60 | D:2      | Reached XP level 2. HP: 29/29 MP: 1/1
   171 | D:2      | Reached XP level 3. HP: 36/36 MP: 2/2
   524 | D:1      | Reached skill level 4 in Unarmed Combat
   573 | D:3      | Noticed a centaur
   581 | D:3      | Killed a centaur
   581 | D:3      | Reached XP level 4. HP: 18/45 MP: 3/3
   581 | D:3      | Reached XP level 5. HP: 21/53 MP: 4/4
  1108 | D:2      | Found an iron altar of Okawaru.
  1120 | D:2      | Reached skill level 5 in Unarmed Combat
  1137 | D:2      | Became a worshipper of Warmaster Okawaru
  1137 | D:2      | Reached * piety under Okawaru
  1137 | D:2      | Reached ** piety under Okawaru
  1726 | D:3      | Noticed Sigmund
  1735 | D:3      | Killed Sigmund
  1735 | D:3      | Reached XP level 6. HP: 46/61 MP: 5/5
  1740 | D:3      | Found a stormy altar of Qazlal.
  1782 | D:3      | Found a glowing golden altar of the Shining One.
  1844 | D:3      | Found a blossoming altar of Fedhas.
  1885 | D:3      | Noticed Terence
  1891 | D:3      | Killed Terence
  2084 | D:3      | Reached skill level 6 in Unarmed Combat
  2136 | D:4      | Reached *** piety under Okawaru
  2136 | D:4      | Reached XP level 7. HP: 67/67 MP: 6/6
  2138 | D:5      | Entered Level 5 of the Dungeon
  2484 | D:4      | Found a sparkling altar of Nemelex Xobeh.
  2651 | D:6      | Reached skill level 7 in Unarmed Combat
  2657 | D:6      | HP: 3/67 [something (5)]
  2667 | D:6      | Killed from afar by an orc priest

Skill      XL: |  1  2  3  4  5  6  7 |
---------------+----------------------+-----
Unarmed Combat | 4 5 6 7 |  7.1
Fighting       | 3 |  3.6
Dodging        | 3 4 |  4.2
Stealth        | |  1.6

Action                   |  1- 3 |  4- 6 |  7- 9 || total
-------------------------+-------+-------+-------++-------
Melee: Unarmed           |    85 |   182 |    57 ||   324
       Punch             |     1 |     8 |     4 ||    13
  Use: Scroll            |     3 |     2 |     2 ||     7
       Potion            |     2 |     2 |     4 ||     8
 Stab: Sleeping          |     4 |     2 |       ||     6
       Distracted        |       |     1 |       ||     1
  Eat: Chunk             |     7 |    15 |     5 ||    27
Armor: Robe              |    25 |    34 |    15 ||    74
Dodge: Dodged            |    52 |    85 |    33 ||   170
